 Dungeon Crawl Stone Soup version 0.32-a0-975-g85d4e5bfdb (webtiles) character file.

Game seed: 10605364452156390132

92 trashops the Chopper (level 4, -8/40 HPs)
             Began as a Mountain Dwarf Fighter on Apr 19, 2024.
             Killed by nerve-wracking pain
             ... invoked by Grinder
              (9 damage)
             ... on level 3 of the Dungeon.
             The game lasted 00:03:23 (1537 turns).

trashops the Chopper (Mountain Dwarf Fighter)       Turns: 1537, Time: 00:03:24

Health: -8/40      AC:  9    Str: 21    XL:     4   Next: 35%
Magic:  4/4        EV:  7    Int:  8    God:
Gold:   98         SH:  8    Dex:  9    Spells: 3/3 levels left

rFire   + . .        a - +0 war axe
rCold   + . .        i - +1 kite shield
rNeg    . . .        b - +0 scale mail
rPois   +            f - +0 helmet
rElec   +            g - +0 cloak
rCorr   +            (no gloves)
SInv    .            (no boots)
Will    .....        (no amulet) Stlth
                     (no ring)
HPRegen 0.26/turn    (no ring)
MPRegen 0.09/turn

%: no passive effects
@: resistant
A: runic magic, artefact enchanting
a: no special abilities


You were on level 3 of the Dungeon.
You visited 1 branch of the dungeon, and saw 3 of its levels.

You collected 98 gold pieces.

Inventory:

Hand Weapons
 a - a +0 war axe (weapon)
Missiles
 p - 2 throwing nets (quivered)
Armour
 b - a +0 scale mail (worn)
 f - a +0 helmet (worn)
 g - a +0 cloak (worn)
 i - a +1 kite shield (worn)
Jewellery
 j - a +6 ring of intelligence
 q - a ring of magical power
Scrolls
 l - a scroll of fog {unknown}
 m - a scroll of enchant weapon {unknown}
 n - 2 scrolls of identify
Potions
 d - a potion of might
 h - a potion of heal wounds {unknown}
 k - a potion of degeneration {unknown}
 o - a potion of berserk rage {unknown}
 r - a potion of lignification {unknown}


   Skills:
 + Level 3.8 Fighting
 * Level 4.3 Axes
 + Level 3.8 Armour
 + Level 3.6 Shields


You had 3 spell levels left.
You didn't know any spells.
Your spell library contained the following spells:

 Spells                   Type           Power      Damage    Failure   Level
 Lesser Beckoning         Tloc           0%         N/A       89%         2
 Dazzling Flash           Conj/Hex       0%         N/A       98%         3
 Maxwell's Portable Pile  Tloc           0%         2d(5-13)  98%         3
 Mephitic Cloud           Conj/Alch/Air  0%         N/A       98%         3
 Teleport Other           Tloc           0%         N/A       98%         3
 Silence                  Hex/Air        0%         N/A       100%        5
 Malign Gateway           Summ/Tloc      0%         N/A       100%        7
 Summon Horrible Things   Summ           0%         N/A       100%        8


Dungeon Overview and Level Annotations

Branches:
Dungeon (3/15)

Altars:

Annotations:
D:3 Grinder


Innate Abilities, Weirdness & Mutations

Your spellcasting is much less encumbered by armour.
You can use scrolls of enchantment on lesser artefacts.


Message History

Grinder barely misses you. Grinder hits you but does no damage.
You hit Grinder.
Grinder is lightly wounded.
Grinder hits you.
You writhe in agony.
You closely miss Grinder.
Grinder is lightly wounded.
Grinder hits you! You block Grinder's attack.
You barely miss Grinder.
Grinder is lightly wounded.
Grinder hits you but does no damage.
You barely miss Grinder.
Grinder is lightly wounded.
Grinder blinks!
Grinder gestures at you. You resist with significant effort.
You closely miss Grinder.
Grinder is lightly wounded.
Grinder hits you.
You writhe in agony.
* * * LOW HITPOINT WARNING * * *
You hit Grinder.
Grinder is moderately wounded.
Grinder closely misses you.
You barely miss Grinder.
Grinder is moderately wounded.
Grinder hits you.
* * * LOW HITPOINT WARNING * * *
You writhe in agony.
* * * LOW HITPOINT WARNING * * *
Grinder gestures at you. You resist with significant effort.
It was a potion of curing.
You feel better. Grinder hits you.
* * * LOW HITPOINT WARNING * * *
You writhe in agony.
* * * LOW HITPOINT WARNING * * *
It was a potion of resistance.
You feel protected. Grinder gestures at you. Pain shoots through your body!
You die...
Grinder sighs, "Dead already?
I want a refund."

#..###....#
#...##....#
##†#......##
#..####....# ###.##
###..#### #...#
#.....##### #.###
#...#.#...# #.#
#.#...5...# ..#
#.##§#@...# ..#####
#.#....####
......#####.#...>.#
..............###.#
.#######.....#.....).
## #####......... #
#.#......... #
#.#......... #
#.#.........


You could see Grinder.

Vanquished Creatures
  3 gnolls (D:3)
  An adder (D:3)
  A white imp (D:3)
  2 dart slugs
  3 bats
  5 endoplasms
  2 giant cockroaches
  4 goblins
  4 hobgoblins
  3 jackals (D:1)
  A quokka (D:3)
  6 ball pythons
  A frilled lizard (D:1)
  2 kobolds
  2 rats
40 creatures vanquished.

Notes
Turn   | Place    | Note
-------+----------+-------------------------------------------
     0 | D:1      | trashops the Mountain Dwarf Fighter began the quest for the
                  | Orb.
     0 | D:1      | Reached XP level 1. HP: 19/19 MP: 1/1
   213 | D:1      | Reached XP level 2. HP: 13/26 MP: 2/2
   463 | D:1      | Reached skill level 3 in Axes
   464 | D:1      | Found a faded altar of an unknown god.
   927 | D:2      | Reached XP level 3. HP: 31/31 MP: 3/3
  1376 | D:3      | Reached skill level 4 in Axes
  1376 | D:3      | Reached XP level 4. HP: 37/40 MP: 4/4
  1504 | D:3      | Noticed Grinder
  1519 | D:3      | Paralysed by Grinder for 2 turns
  1536 | D:3      | HP: 1/40 [Grinder (3)]
  1537 | D:3      | Killed from afar by Grinder

Illustrated notes

Levels and vault maps discovered:
D:1:      lemuel_arrival_room, layout_basic, nicolae_ecumenical_snake_handling,
          minmay_tromino_v4_b
D:2:      layout_basic
D:3:      layout_rooms, uniq_grinder

Skill      XL: |  1  2  3 |
---------------+----------+-----
Axes           | 3 4 |  4.3
Fighting       | |  3.8
Armour         | |  3.8
Shields        | |  3.6

Action                     |  1- 3 |  4- 6 || total
---------------------------+-------+-------++-------
  Melee: War axe           |    73 |    34 ||   107
    Use: Scroll            |     3 |       ||     3
         Potion            |       |     2 ||     2
 Armour: Scale mail        |    68 |    19 ||    87
  Dodge: Dodged            |    31 |    11 ||    42
  Block: Buckler           |     8 |       ||     8
         Kite shield       |    16 |    19 ||    35

Table legend: (Time is in decaauts)
 A = Elapsed time spent in this place.
 B = Non-inter-level travel time spent in this place.
 C = Inter-level travel time spent in this place.
 D = Time resting spent in this place.
 E = Time spent auto-exploring this place.
 F = Levels seen in this place.
 G = Mean time per level.
                   A        B        C        D        E       F      G
               +--------+--------+--------+--------+--------+-----+--------+
         Total |   1583 |   1555 |     28 |      0 |   1207 |   3 |  527.7 |
       Dungeon |   1583 |   1555 |     28 |      0 |   1207 |   3 |  527.7 |
               +--------+--------+--------+--------+--------+-----+--------+

Top non-repeatable levels by time:
     D:1: 911 daAuts
     D:2: 338 daAuts
     D:3: 333 daAuts
